 Dungeon Crawl Stone Soup version 0.16.1-11-g651b585 (webtiles) character file.

23512 Chiseanne the Nimble (level 12, 0/103 HPs)
             Began as a Demonspawn Monk on Apr 8, 2015.
             Was an Initiate of Gozag.
             Slain by an enchanted long sword (14 damage)
             ... on level 14 of the Dungeon.
             The game lasted 01:12:49 (19766 turns).

Chiseanne the Nimble (Demonspawn Monk)             Turns: 19766, Time: 01:12:49

Health: 0/103      AC: 13    Str: 19    XL:     12   Next: 72%
Magic:  0/12       EV: 22    Int: 14    God:    Gozag
Gold:   1618       SH:  0    Dex: 17    Spells: 0 memorised, 11 levels left

rFire  . . .     SeeInvis +       - Unarmed
rCold  + . .     Clarity  .     c - +2 robe of Inevitability {rPois rC+ rN+ Str+4}
rNeg   + . .     SustAb   .     (no shield)
rPois  +         Gourm    .     (helmet unavailable)
rElec  .         Spirit   +     X - +1 cloak
rCorr  .         Warding  .     (gloves unavailable)
rMut   .         Stasis   .     A - +0 pair of boots
MR     .....                    (no amulet)
Stlth  ++........               G - +2 ring of protection
                                d - +3 ring of protection

@: about to teleport, not resistant to hostile enchantments, unstealthy
A: antennae 3, claws 3, hooves 1, clever 1, demonic guardian 1, magic shield,
magic regeneration
a: Potion Petition, Call Merchant, Bribe Branch, Renounce Religion


You were on level 14 of the Dungeon.
You worshipped Gozag.
Gozag was noncommittal.
You were not hungry.

You visited 3 branches of the dungeon, and saw 16 of its levels.
You also visited: Sewer.

You collected 3462 gold pieces.
You spent 747 gold pieces at shops.
You paid 1097 gold pieces to Gozag.

Inventory:

Hand weapons
 a - a +2 morningstar of protection
 s - a +4 scimitar of flaming
 w - a +0 blowgun
Missiles
 e - 5 curare-tipped needles
 h - 26 poisoned needles
 p - 174 arrows
 r - 9 poisoned sling bullets
 y - 110 bolts
 H - 8 needles of confusion
 I - 6 arrows of flame
 J - 19 sling bullets
 P - 3 tomahawks of returning (quivered)
 Q - 17 sling bullets of frost
 V - 25 bolts of frost
 Z - 17 poisoned bolts
Armour
 c - the +2 robe of Inevitability (worn) {rPois rC+ rN+ Str+4}
   (You bought it in a shop on level 13 of the Dungeon)

   It affects your strength (+4).
   It protects you from cold.
   It protects you from poison.
   It protects you from negative energy.
 A - a +0 pair of boots (worn)
 X - a +1 cloak (worn)
Jewellery
 d - a +3 ring of protection (left claw)
 m - an uncursed ring of poison resistance
 G - a +2 ring of protection (right claw)
 Y - an uncursed ring of positive energy
Magical devices
 g - a wand of cold (0)
 S - a wand of digging (11)
 U - a wand of disintegration (5)
Scrolls
 l - 8 scrolls of teleportation
 n - 4 scrolls of fear
 q - 3 scrolls of blinking
 t - 5 scrolls of remove curse
 B - 4 scrolls of amnesia
 F - a scroll of fog
 T - 3 scrolls of immolation
Potions
 i - 2 potions of curing
 j - 3 potions of magic
 k - 4 potions of flight
 u - 2 potions of ambrosia
 z - a potion of mutation
 C - 4 potions of brilliance
 K - 2 potions of restore abilities {unknown}
 O - a potion of resistance {unknown}
 W - a potion of berserk rage {unknown}
Books
 o - a book of Dreams

   Spells                             Type                      Level
   a - Ensorcelled Hibernation        Hexes/Ice                    2
   b - Flight                         Charms/Air                   3
   c - Phase Shift                    Translocation                5
   d - Shadow Creatures               Summoning                    5
   e - Mass Confusion                 Hexes                        6
   f - Darkness                       Hexes                        7
 E - a book of Air

   Spells                             Type                      Level
   a - Shock                          Conjuration/Air              1
   b - Swiftness                      Charms/Air                   2
   c - Repel Missiles                 Charms/Air                   2
   d - Flight                         Charms/Air                   3
   e - Static Discharge               Conjuration/Air              3
   f - Lightning Bolt                 Conjuration/Air              5
 N - an Akashic Record {highlevel, unknown}

   This book is beyond your current level of understanding.

   Spells                             Type                      Level
   a - Dispersal                      Translocation                6
   b - Controlled Blink               Translocation                7
   c - Malign Gateway                 Summoning/Translocation      7
   d - Disjunction                    Translocation                8
   e - Singularity                    Translocation                9
 R - a Grand Grimoire {highlevel, unknown}

   This book is beyond your current level of understanding.

   Spells                             Type                      Level
   a - Aura of Abjuration             Summoning                    6
   b - Summon Greater Demon           Summoning                    7
   c - Malign Gateway                 Summoning/Translocation      7
   d - Summon Horrible Things         Summoning                    8
Comestibles
 b - 5 bread rations
 f - 4 meat rations


   Skills:
 * Level 12.3 Fighting
 - Level 8.3 Armour
 * Level 13.5 Dodging
 - Level 1.7 Stealth
 * Level 5.2 Unarmed Combat


You had 11 spell levels left.
You didn't know any spells.

Dungeon Overview and Level Annotations

Branches:
Dungeon (14/15)            Temple (1/1) D:4            Lair (1/8) D:8
    Orc (0/4) D:10         Vaults (0/5) D:14

Altars:
Ashenzari
Cheibriados
Dithmenos
Elyvilon
Fedhas
Gozag
Kikubaaqudgha
Makhleb
Nemelex Xobeh
Ru
Vehumet
Xom
The Shining One

Shops:
D:9 *   D:13 [


Innate Abilities, Weirdness & Mutations

You have a pair of large antennae on your head (SInv).
You have claws for hands.
You have large cloven feet.
A weak demonic guardian rushes to your aid.
When hurt, damage is shared between your health and your magic reserves.
You regenerate magic rapidly.
Your mind is acute. (Int +2)


Message History

Drink which item? (? for menu, Esc to quit)
You feel much better.
You are now empty-clawed.
The enchanted long sword hits you! x2
* * * LOW HITPOINT WARNING * * *
You swap places.
Your crimson imp closely misses the enchanted long sword.
The enchanted long sword completely misses your white imp.
Your white imp completely misses the enchanted long sword.
The enchanted long sword hits your white imp!
Your white imp dies!
Your crimson imp hits the enchanted long sword but does no damage.
Read which item? (? for menu, Esc to quit)
As you read the scroll of teleportation, it crumbles to dust.
You feel strangely unstable. The enchanted long sword hits you!
* * * LOW HITPOINT WARNING * * *
The enchanted long sword hits you but does no damage.
The ice beast hits you but does no damage.
The enchanted long sword hits you!
You die...
Your body crumbles into a pile of gold.

##.# #.#
#..######.#
#....<..>.#
########..#
#..# #..#
#..# #Y.#
#@.# #(.#
########..#
#.......5.#
..######.##
#.######.#
#.##.....#
#.##5#####
#.##.#


You could see an ice beast, an enchanted long sword and a friendly crimson imp.

Vanquished Creatures
  3 centaur warriors (D:13)
  A hydra (D:12)
  2 tengu warriors (D:13)
  Erolcha (D:10)
  An unseen horror (D:13)
  2 hill giants
  7 ugly things
  A centaur zombie (D:10)
  3 centaur skeletons
  2 kobold demonologists (D:13)
  A troll (D:10)
  A two-headed ogre (D:13)
  A freezing wraith (D:14)
  Grinder (D:5)
  Prince Ribbit (D:6)
  A raven (D:13)
  A wraith (D:13)
  A baby alligator (shapeshifter) (D:13)
  A trapdoor spider (D:12)
  17 yaks
  A wyvern (D:13)
  A hippogriff (D:8)
  2 hungry ghosts
  3 soldier ants (D:13)
  A mottled dragon (D:13)
  3 ice beasts
  4 water moccasins
  7 sky beasts
  A black bear (D:8)
  2 necrophages
  2 wasps
  7 centaurs
  A phantom (D:12)
  8 orc warriors
  An eye of draining (D:11)
  8 ogres
  Duvessa (D:9)
  4 big kobolds
  A brain worm (D:13)
  A crocodile (D:11)
  The ghost of pzskc383 the Digger, an average GrEE (D:3)
  5 giant frogs
  A water moccasin zombie (D:9)
  3 killer bees (D:8)
  9 scorpions
  11 wights
  Dowan (D:9)
  A crimson imp (D:10)
  A goliath beetle (D:9)
  A giant frog zombie (D:12)
  A wasp zombie (D:13)
  3 giant frog skeletons
  6 hounds
  Crazy Yiuf (D:2)
  7 orc priests
  2 jellies (D:8)
  5 iguanas
  A quasit (D:10)
  10 orc wizards
  10 worker ants
  Ijyb (D:2)
  Terence (D:3)
  2 mummies (D:12)
  4 hound skeletons
  Robin (D:3)
  13 adders
  3 river rats
  2 shadow imps (D:11)
  5 giant mites
  10 worms
  5 adder skeletons
  6 giant geckos
  9 oozes
  46 orcs
  18 bats
  8 giant cockroaches
  23 hobgoblins
  12 jackals
  32 kobolds
  4 ball pythons
  A giant gecko skeleton (D:7)
  4 giant newts
  A giant spore (D:11)
  16 goblins
  6 quokkas
  18 rats
  3 ballistomycetes (D:12)
  A plant (D:1)
443 creatures vanquished.

Vanquished Creatures (collateral kills)
  Erica (D:13)
  A centaur zombie (D:13)
  A troll (D:13)
  A yak (D:9)
  Edmund (D:5)
  A sky beast (D:8)
  A necrophage (D:7)
  2 centaurs
  A big kobold (D:10)
  A wight (D:11)
  A crimson imp (D:10)
  An orc priest (D:10)
  An iguana (D:8)
  A worker ant (D:5)
  A shadow imp (D:13)
  6 orcs
  A giant cockroach (D:4)
  5 kobolds
28 creatures vanquished.

Vanquished Creatures (others)
  20 quasits
  12 crimson imps
  22 iron imps
  12 white imps
  17 ufetubi
  A quokka (D:9)
  A giant spore (D:12)
  2 bushes (D:13)
87 creatures vanquished.

Grand Total: 558 creatures vanquished

Notes
Turn   | Place    | Note
--------------------------------------------------------------
     0 | D:1      | Chiseanne, the Demonspawn Monk, began the quest for the Orb.
     0 | D:1      | Reached XP level 1. HP: 18/18 MP: 1/1
   194 | D:1      | Gained mutation: When hurt, damage is shared between your health and your magic reserves. [demonic ancestry]
   194 | D:1      | Reached XP level 2. HP: 14/24 MP: 2/2
   818 | D:1      | Gained mutation: You regenerate magic rapidly. [demonic ancestry]
   818 | D:1      | Reached XP level 3. HP: 26/30 MP: 3/3
   851 | D:2      | Found a sparkling altar of Nemelex Xobeh.
   946 | D:2      | Noticed Ijyb
  1035 | D:2      | Killed Ijyb
  1035 | D:2      | Reached skill level 4 in Fighting
  1150 | D:2      | Found an ancient bone altar of Kikubaaqudgha.
  1190 | D:2      | Gained mutation: A weak demonic guardian rushes to your aid. [demonic ancestry]
  1190 | D:2      | Reached XP level 4. HP: 25/37 MP: 4/4
  1377 | D:2      | Found a shimmering altar of Xom.
  1990 | D:2      | Noticed Crazy Yiuf
  2011 | D:2      | Killed Crazy Yiuf
  2011 | D:2      | Gained mutation: You have a pair of small antennae on your head. [demonic ancestry]
  2011 | D:2      | Reached XP level 5. HP: 42/42 MP: 5/5
  2341 | D:3      | Noticed pzskc383's ghost (average GrEE)
  2366 | D:3      | Killed pzskc383's ghost
  2366 | D:3      | Reached skill level 1 in Armour
  2389 | D:3      | Found a shattered altar of Ashenzari.
  2390 | D:3      | Noticed Robin
  2393 | D:3      | Killed Robin
  2642 | D:3      | Noticed Terence
  2653 | D:3      | Killed Terence
  2653 | D:3      | Gained mutation: You have large cloven feet. [demonic ancestry]
  2653 | D:3      | Reached XP level 6. HP: 50/50 MP: 6/6
  2850 | D:4      | You fall through a shaft!
  2850 | D:5      | Entered Level 5 of the Dungeon
  3019 | D:4      | Reached skill level 5 in Fighting
  3070 | D:4      | Found a staircase to the Ecumenical Temple.
  3104 | Temple   | Entered the Ecumenical Temple
  3114 | Temple   | Became a worshipper of Gozag Ym Sagoz the Greedy
  3192 | D:4      | Found a glowing drain.
  3223 | Sewer    | Entered a sewer
  3421 | Sewer    | Reached skill level 5 in Dodging
  3620 | Sewer    | Gained mutation: You have a pair of antennae on your head. [demonic ancestry]
  3620 | Sewer    | Reached XP level 7. HP: 48/56 MP: 5/7
  3747 | D:4      | Found a burning altar of Makhleb.
  4174 | D:4      | Found a snail-covered altar of Cheibriados.
  4302 | D:5      | Noticed Grinder
  4319 | D:5      | Killed Grinder
  4319 | D:5      | Reached skill level 6 in Fighting
  4382 | D:5      | Noticed Edmund
  4396 | D:5      | Killed Edmund
  4403 | D:5      | Found a glowing golden altar of the Shining One.
  4559 | D:6      | Found a shadowy altar of Dithmenos.
  4573 | D:6      | Noticed Prince Ribbit
  4618 | D:6      | Gained mutation: You have sharp fingernails. [demonic ancestry]
  4618 | D:6      | Reached XP level 8. HP: 26/65 MP: 8/8
  4683 | D:6      | Killed Prince Ribbit
  4683 | D:6      | Reached skill level 7 in Fighting
  4743 | D:6      | Gained mutation: Your mind is acute. (Int +2) [potion of beneficial mutation]
  4910 | D:6      | Reached skill level 5 in Armour
  5626 | D:7      | Reached skill level 8 in Fighting
  5626 | D:7      | Gained mutation: You have a pair of large antennae on your head (SInv). [demonic ancestry]
  5626 | D:7      | Reached XP level 9. HP: 42/74 MP: 9/9
  6711 | D:8      | Found a sacrificial altar of Ru.
  7141 | D:8      | Reached skill level 9 in Fighting
  7396 | D:8      | Found a staircase to the Lair.
  7627 | Lair:1   | Entered Level 1 of the Lair of Beasts
  7627 | Lair:1   | Noticed a spiny frog
  7846 | D:9      | Found Pnoga's Assorted Antiques.
  7855 | D:9      | Bought 3 scrolls of teleportation for 252 gold pieces
  7855 | D:9      | Bought a scroll labeled XEISHY BLOMPO for 28 gold pieces
  7855 | D:9      | Bought a scroll of remove curse for 84 gold pieces
  7855 | D:9      | Bought a potion of heal wounds for 140 gold pieces
  7855 | D:9      | Bought a potion of might for 112 gold pieces
  8012 | D:9      | Found a white marble altar of Elyvilon.
  8022 | D:9      | Noticed Dowan
  8024 | D:9      | Noticed Duvessa
  8033 | D:9      | Killed Duvessa
  8043 | D:9      | Killed Dowan
  8218 | D:9      | Gained mutation: You have very sharp fingernails. [demonic ancestry]
  8218 | D:9      | Reached XP level 10. HP: 75/83 MP: 8/10
  9178 | D:10     | Entered Level 10 of the Dungeon
  9186 | D:10     | Noticed a hill giant
 10283 | D:10     | Noticed Erolcha
 10311 | D:10     | Reached skill level 10 in Fighting
 10321 | D:10     | Paralysed by Erolcha for 7 turns
 10327 | D:10     | Killed Erolcha
 10327 | D:10     | Reached skill level 10 in Dodging
 10748 | D:10     | Killed a hill giant
 11011 | D:10     | Found a staircase to the Orcish Mines.
 11542 | D:10     | Reached XP level 11. HP: 56/91 MP: 8/11
 12536 | D:11     | Reached skill level 11 in Dodging
 13970 | D:12     | Noticed a five-headed hydra
 14964 | D:12     | Noticed a hill giant
 14996 | D:12     | Killed a hill giant
 15461 | D:12     | Killed a five-headed hydra
 15786 | D:13     | Noticed a tengu warrior
 15786 | D:13     | Noticed a tengu warrior
 16508 | D:13     | Reached skill level 12 in Dodging
 16910 | D:13     | Killed a tengu warrior
 17217 | D:13     | Noticed Erica
 17237 | D:13     | Killed Erica
 17237 | D:13     | Gained mutation: You have claws for hands. [demonic ancestry]
 17237 | D:13     | Reached XP level 12. HP: 96/101 MP: 12/12
 17292 | D:13     | Noticed a centaur warrior
 17382 | D:13     | Killed a centaur warrior
 18090 | D:13     | Noticed a centaur warrior
 18101 | D:13     | Killed a centaur warrior
 18108 | D:13     | Reached skill level 13 in Dodging
 18434 | D:13     | Found Ewajus' Antique Armour Shop.
 18437 | D:13     | Noticed a centaur warrior
 18455 | D:13     | Killed a tengu warrior
 18475 | D:13     | Noticed an unseen horror
 18491 | D:13     | Killed a centaur warrior
 18544 | D:13     | Killed an unseen horror
 18743 | D:13     | Bought a transparent robe for 131 gold pieces
 18756 | D:13     | Identified the +2 robe of Inevitability {rPois rC+ rN+ Str+4} (You bought it in a shop on level 13 of the Dungeon)
 18975 | D:14     | Reached skill level 5 in Unarmed Combat
 19737 | D:14     | Found a gate to the Vaults.
 19766 | D:14     | Slain by an enchanted long sword

Action                   |  1- 3 |  4- 6 |  7- 9 | 10-12 || total
-------------------------+-------+-------+-------+-------++-------
Melee: Unarmed           |   265 |    99 |    29 |   317 ||   710
       Quarterstaff      |       |   258 |   513 |   648 ||  1419
       Morningstar       |       |       |       |   172 ||   172
 Fire: Blowgun           |       |       |       |    11 ||    11
Throw: Tomahawk          |       |       |     2 |     1 ||     3
Invok: Call Merchant     |       |       |     1 |     1 ||     2
Evoke: Wand              |       |       |       |    12 ||    12
  Use: Scroll            |     4 |    15 |    10 |     5 ||    34
       Potion            |       |     3 |     6 |    18 ||    27
 Stab: Sleeping          |     2 |       |       |     1 ||     3
       Invisible         |       |     3 |     1 |       ||     4
       Paralysed         |       |     3 |     4 |       ||     7
       Confused          |       |     1 |     3 |       ||     4
       Distracted        |       |       |     6 |     8 ||    14
  Eat: Chunk             |     1 |     8 |       |       ||     9
       Fruit             |       |     4 |     3 |    27 ||    34
       Beef jerky        |       |     1 |       |     3 ||     4
       Royal jelly       |       |       |     1 |     3 ||     4
       Bread ration      |       |       |     2 |     2 ||     4
       Pizza             |       |       |     1 |       ||     1
